 Dungeon Crawl Stone Soup version 0.23.2-1-ga50397a6bc (webtiles) character file.

Game seed: 8131647645109265050

51 tempor the Chopper (level 3, 0/22 HPs)
             Began as a Tengu Skald on May 5, 2019.
             Slain by an orc wizard
             ... wielding a +0 dagger
              (2 damage)
             ... on level 2 of the Dungeon.
             The game lasted 00:04:12 (995 turns).

tempor the Chopper (Tengu Skald)                     Turns: 995, Time: 00:04:12

Health: 0/22       AC: 14    Str: 12    XL:     3   Next: 83%
Magic:  7/7        EV: 11    Int: 13    God:
Gold:   31         SH:  0    Dex: 13    Spells: 0/6 levels left

rFire    . . .     SeeInvis .   b - +2 short sword (protect)
rCold    + . .     Gourm    .   (no shield)
rNeg     . . .     Faith    .   n - +2 ring mail {rC+}
rPois    .         Spirit   .   (helmet restricted)
rElec    .         Reflect  .   (no cloak)
rCorr    .         Harm     .   (no gloves)
MR       .....                  (boots unavailable)
Stlth    +.........             (no amulet)
HPRegen  0.07/turn              (no ring)
MPRegen  0.10/turn              (no ring)

@: protection aura
A: beak, talons 3
a: no special abilities


You were on level 2 of the Dungeon.
You were not hungry.

You visited 1 branch of the dungeon, and saw 2 of its levels.

You collected 31 gold pieces.

Inventory:

Hand Weapons
 a - a +0 hand axe
 b - a +2 short sword of protection (weapon)
Armour
 n - a +2 ring mail of cold resistance (worn)
Scrolls
 e - a scroll of fear {unknown}
 f - 3 scrolls of identify
 g - a scroll of teleportation {unknown}
 j - a scroll of fog {unknown}
 k - a scroll of enchant armour {unknown}
Potions
 h - a potion of degeneration {unknown}
 i - a potion of curing {unknown}
 l - a potion of resistance {unknown}
 m - a potion of ambrosia {unknown}
Comestibles
 c - 6 chunks of flesh
 d - 4 rations


   Skills:
 + Level 2.4 Fighting
 + Level 2.9 Axes
 + Level 1.7 Armour
 + Level 2.7 Dodging
 + Level 2.4 Spellcasting
 - Level 2.4 Charms


You couldn't memorise any spells.
You knew the following spells:

 Your Spells              Type           Power        Failure   Level  Hunger
a - Infusion              Chrm           #...         21%         1    #......
b - Song of Slaying       Chrm           #.......     30%         2    ###....
c - Regeneration          Chrm/Necr      #.........   69%         3    ###....

Your spell library contained the following spells:

 Spells                   Type           Power        Failure   Level  Hunger
 Shroud of Golubria       Chrm/Tloc      #.........   45%         2    ###....
 Spectral Weapon          Hex/Chrm       #.......     69%         3    ###....


Dungeon Overview and Level Annotations

Branches:
Dungeon (2/15)

Altars:
Vehumet


Innate Abilities, Weirdness & Mutations

You have a beak for a mouth.
You have claws for feet.


Message History

The orc priest calls down the wrath of Beogh upon you.
Pain shoots through your body!
You hit the orc priest.
The orc priest is almost dead.
The orc hits you but does no damage.
The orc wizard hits you but does no damage.
The orc priest hits you but does no damage.
Unknown command.
You barely miss the orc priest. Your peck misses the orc priest.
The orc priest is almost dead.
The orc hits you but does no damage.
The orc wizard hits you with a +0 dagger.
* * * LOW HITPOINT WARNING * * *
The orc priest hits you with a +0 hand axe.
* * * LOW HITPOINT WARNING * * *
You hit the orc priest.
The orc priest is almost dead.
The orc barely misses you.
The orc wizard hits you with a +0 dagger.
You die...

#.##...<..# ......._?....####
#.##......# ..o. ...# ......
#.##......# .#.###.###......
#÷........# .#..#...#.......
#.........# .#o.............
#....###### .#.#.##.........
#....# .#.#.##.........
#....# ######o#.#.##.........
#....###.[..@o..#.##.........
#............o..#.#........##
#...............#........#.#
#...............###.####.#...
#.###...........###.# .# ##
#. #...#####.#.....# .# #.
#...# #.########## #.).#
#.#.....÷..#
#..÷#####[#.######.#


You could see an orc priest, an orc wizard and an orc.

Vanquished Creatures
  An ooze (D:1)
  A leopard gecko (D:2)
  An orc (D:1)
  4 giant cockroaches (D:1)
  8 goblins
  3 hobgoblins (D:1)
  7 jackals (D:1)
  3 kobolds (D:1)
  A quokka (D:2)
  A ball python (D:1)
  3 bats (D:1)
  2 frilled lizards (D:1)
  3 rats
38 creatures vanquished.

Notes
Turn   | Place    | Note
-------+----------+-------------------------------------------
     0 | D:1      | tempor the Tengu Skald began the quest for the Orb.
     0 | D:1      | Reached XP level 1. HP: 12/12 MP: 4/4
   123 | D:1      | Reached XP level 2. HP: 17/17 MP: 6/6
   366 | D:1      | Reached XP level 3. HP: 20/21 MP: 7/7
   376 | D:1      | Learned a level 3 spell: Regeneration
   379 | D:1      | Learned a level 2 spell: Song of Slaying
   843 | D:2      | Found a radiant altar of Vehumet.
   995 | D:2      | Slain by an orc wizard

Action                   || total
-------------------------++-------
Melee: Hand axe          ||    50
       Kick              ||    15
       Peck              ||    10
       Short sword       ||    51
  Use: Scroll            ||     1
 Stab: Sleeping          ||     1
Armor: Leather armour    ||    25
       Ring mail         ||     6
Dodge: Dodged            ||    80
